 Dungeon Crawl Stone Soup version 0.18-a0-1805-g8ab820f (webtiles) character file.

141 M4edhros the Poker (level 5, -3/41 HPs)
             Began as a Mummy Chaos Knight on Apr 26, 2016.
             Slain by warlockg3's ghost (6 damage)
             ... on level 3 of the Dungeon.
             The game lasted 00:03:22 (1983 turns).

M4edhros the Poker (Mummy Chaos Knight)             Turns: 1983, Time: 00:03:23

Health: -3/41      AC:  7    Str: 15      XL:     5   Next: 3%
Magic:  5/5        EV: 11    Int: 12      God:    Xom [*.....]
Gold:   131        SH:  0    Dex:  9 (12) Spells: 0 memorised, 4 levels left

rFire  x . .     SeeInvis .     a - +1 spear (chaos)
rCold  + . .     Gourm    .     b - +2 leather armour
rNeg   + + +     Faith    .     (no shield)
rPois  ∞         Spirit   .     (no helmet)
rElec  .         Dismiss  .     (no cloak)
rCorr  .         Reflect  .     (no gloves)
SustAt .         Harm     .     d - +1 pair of boots
MR     .....                    m - amulet of magic regeneration
Stlth  ..........               (no ring)
                                l - ring of loudness (curse)

@: not resistant to hostile enchantments, extremely unstealthy
A: no food or potions, fire vulnerability, cold resistance 1, negative energy
resistance 3, torment resistance, unbreathing
a: Renounce Religion


You were on level 3 of the Dungeon.
You worshipped Xom.
You were a special plaything of Xom.
You were not hungry.

You visited 1 branch of the dungeon, and saw 4 of its levels.

You collected 131 gold pieces.

Inventory:

Hand Weapons
 a - a +1 spear of chaos (weapon)
Armour
 b - a +2 leather armour (worn)
 d - a +1 pair of boots (worn)
Jewellery
 l - a cursed ring of loudness (left hand)
 m - an amulet of magic regeneration (around neck)
Scrolls
 e - 3 scrolls of random uselessness
 h - a scroll of identify


   Skills:
 - Level 3.0 Fighting
 + Level 4.7 Polearms
 - Level 1.5 Armour
 - Level 0.7 Dodging


You had 4 spell levels left.
You didn't know any spells.

Dungeon Overview and Level Annotations

Branches:
Dungeon (4/15)
 Temple: D:4-7

Altars:
Dithmenos
Vehumet

Annotations:
D:3 Jessica; warlockg3's ghost, amateur TrFi


Innate Abilities, Weirdness & Mutations

You do not eat or drink.
Your flesh is vulnerable to fire.
You are immune to poison.
Your flesh is cold resistant.
You are immune to negative energy.
You are immune to unholy pain and torment.
You can survive without breathing.


Message History

The orc priest calls down the wrath of Xom upon you.
Xom smites you!
You bump into the rock wall.
The orc hits you with a hand axe. Warlockg3's ghost hits you!
* * * LOW HITPOINT WARNING * * *
The orc wizard mumbles some strange words.
The orc wizard flickers and vanishes!
Deactivating autopickup; reactivate with Ctrl-A.
You barely miss warlockg3's ghost.
Warlockg3's ghost is lightly damaged.
You feel less confused. Warlockg3's ghost hits you.
* * * LOW HITPOINT WARNING * * *
The orc closely misses you.
You hit the orc. You burn the orc.
The orc is almost dead.
Warlockg3's ghost stares at you. Warlockg3's ghost hits you.
You die...
Xom howls with laughter!

#?. .<........ #.# #########. #.#
#. #.# ##. #.# ### ##.# #......#
##.## ######.# #..#
############### #.# #..##
#.!.§...o{oW@.# #.# #.#.#
#.#.###########o# #.# #.##. #.#.#
#.######.# #.### ###.#.####
#.....##.####.# #
........############.........###
................#..............
###....#.########.#.####.########
#........########.#.# #.#
....................# #)######


You could see an orc priest, warlockg3's ghost and 2 orcs.

Vanquished Creatures
  Ijyb (D:3)
  5 adders
  A gnoll (D:1)
  2 worms
  2 dart slugs
  A giant gecko (D:2)
  2 orcs
  4 giant cockroaches
  6 goblins
  2 hobgoblins
  5 jackals
  2 kobolds
  A quokka (D:2)
  A ball python (D:2)
  4 bats
  2 giant newts (D:2)
  9 rats
50 creatures vanquished.

Vanquished Creatures (collateral kills)
  A goblin (D:2)
1 creature vanquished.

Grand Total: 51 creatures vanquished

Notes
Turn   | Place    | Note
--------------------------------------------------------------
     0 | D:1      | M4edhros the Mummy Chaos Knight began the quest for the Orb.
     0 | D:1      | Reached XP level 1. HP: 18/18 MP: 1/1
    29 | D:1      | XOM: harmless Divn miscast
    87 | D:1      | Reached skill level 3 in Polearms
    87 | D:1      | Reached XP level 2. HP: 13/24 MP: 2/2
   413 | D:1      | XOM: divination: detect items
   610 | D:2      | Reached XP level 3. HP: 29/29 MP: 3/3
   755 | D:2      | Found a shadowy altar of Dithmenos.
   755 | D:2      | Found a radiant altar of Vehumet.
   755 | D:2      | XOM: vitrification
   880 | D:2      | XOM: cast spell 'Death Channel'
   887 | D:2      | Reached skill level 4 in Polearms
   887 | D:2      | Reached XP level 4. HP: 26/35 MP: 4/4
   940 | D:2      | XOM: scenery: 1 doors close
  1119 | D:2      | XOM: scenery: 1 doors close
  1136 | D:2      | XOM: summons 2 hostile shadow creatures
  1253 | D:3      | XOM: medium Necr miscast
  1461 | D:3      | Noticed Jessica
  1465 | D:3      | XOM: 4-stop teleportation journey
  1466 | D:3      | XOM: mild Tloc miscast
  1466 | D:3      | XOM: smoke on damage
  1510 | D:3      | Noticed Ijyb
  1514 | D:3      | XOM: fog
  1520 | D:3      | Killed Ijyb
  1520 | D:3      | Reached XP level 5. HP: 37/41 MP: 5/5
  1661 | D:3      | XOM: noise
  1668 | D:3      | Noticed warlockg3's ghost (amateur TrFi)
  1669 | D:3      | XOM: butterfly on damage
  1675 | D:3      | XOM: summons 2 hostile shadow creatures
  1694 | D:3      | XOM: confusion (+ monsters)
  1700 | D:3      | XOM: 2-stop teleportation journey
  1701 | D:3      | XOM: mild Summ miscast
  1963 | D:3      | XOM: harmless Air miscast
  1973 | D:3      | XOM: summons 2 hostile shadow creatures
  1975 | D:3      | XOM: confusion
  1983 | D:3      | Slain by warlockg3's ghost

Vault maps used:
D:1:      wheals_arrival_linesprint
D:2:      amethyst_overflow_temple_binary, first_bread
D:3:      kennysheep_jessica_study, uniq_iyjb

Skill      XL: |  1  2  3 |
---------------+----------+-----
Polearms       | 3 4 |  4.7
Fighting       | |  3.0
Armour         | |  1.5
Dodging        | |  0.7

Action                   |  1- 3 |  4- 6 || total
-------------------------+-------+-------++-------
Melee: Spear             |   127 |   105 ||   232
  Use: Scroll            |       |     7 ||     7
 Stab: Sleeping          |     1 |     1 ||     2
       Confused          |     1 |       ||     1
       Petrifying        |     1 |       ||     1
       Paralysed         |       |     2 ||     2
Armor: Leather armour    |    38 |    39 ||    77
Dodge: Dodged            |    70 |    53 ||   123
